 Dungeon Crawl Stone Soup version 0.13-a0-2450-ga447c6a (webtiles) character file.

3509 Rycklaryybbe the Covert (level 9, -7/57 HPs)
             Began as a Vampire Enchanter on July 17, 2013.
             Was a Believer of Ashenzari.
             Mangled by Psyche
             ... wielding a +1,+3 dagger of chaos
              (9 damage)
             ... while paralysed by Psyche
             ... on Level 9 of the Dungeon.
             The game lasted 00:29:41 (7490 turns).

Rycklaryybbe the Covert (Vampire Enchanter)         Turns: 7490, Time: 00:29:41

HP  -7/57        AC  5     Str  8      XL: 9   Next: 59%
MP  12/17        EV  2     Int 18      God: Ashenzari [**....]
Gold 414         SH  0     Dex 15      Spells:  4 memorised,  0 levels left

Res.Fire  : . . .   See Invis. : +   k - +1,-2 elf short sword (elec) (curse)
Res.Cold  : + . .   Warding    : .   b - +1 robe
Life Prot.: . . .   Conserve   : .   (no shield)
Res.Poison: +       Res.Corr.  : .   (no helmet)
Res.Elec. : .       Clarity    : .   L - +0 cloak
Sust.Abil.: . .     Spirit.Shd : .   h - +0 pair of dwarf gauntlets
Res.Mut.  : .       Stasis     : .   (no boots)
Res.Rott. : .       Flight     : .   (no amulet)
Saprovore : . . .                    B - ring of protection from cold
                                     u - ring of poison resistance

@: paralysed, regenerating quickly, somewhat resistant to hostile enchantments,
extremely stealthy
A: bottle blood, fangs 3, see invisible, unbreathing
a: Bottle Blood, Renounce Religion


You were on level 9 of the Dungeon.
You worshipped Ashenzari.
Ashenzari was most pleased with you.
You were very full.

You visited 1 branch of the dungeon, and saw 9 of its levels.

You collected 394 gold pieces.

Inventory:

Hand weapons
 a - a +1,+1 dagger {=f}
 e - a +1,+1 orcish hand axe of chopping
 j - a +0,+0 spear
 k - a cursed +1,-2 elven short sword of electrocution (weapon)
 r - a +0 blowgun
 J - a +0,+2 orcish dagger of speed
Missiles
 d - 10 darts (quivered)
 q - a throwing net [torn]
 s - 23 poisoned needles
 t - 3 needles of slowing
Armour
 b - a +1 robe (worn)
 h - a +0 pair of dwarven gauntlets (worn)
 m - a +2 scale mail of poison resistance
 v - a +0 cloak
 L - a +0 cloak (worn)
Magical devices
 g - a wand of cold (2)
 F - a wand of polymorph (5) {unknown}
 M - a wand of digging (9)
 R - a wand of fireball (1)
 U - a wand of digging (10)
Scrolls
 n - 2 scrolls of curse jewellery
 p - 3 scrolls of curse armour
 w - 7 scrolls of teleportation
 x - 3 scrolls of curse weapon
 A - 2 scrolls of fog
 C - 3 scrolls of remove curse
 G - a scroll of noise {unknown}
 I - a scroll of enchant armour
 K - a scroll of enchant weapon I {unknown}
 O - a scroll of immolation {unknown}
 P - a scroll of fear {unknown}
 Q - a scroll of blinking
Jewellery
 u - a ring of poison resistance (left hand)
 B - a ring of protection from cold (right hand)
 S - an uncursed amulet of clarity {unknown}
Potions
 i - a potion of brilliance
 l - 2 potions of agility
 z - 2 potions of beneficial mutation {unknown}
 D - 3 potions of curing
 E - a potion of speed {unknown}
 H - 2 potions of heal wounds {unknown}
Books
 c - a book of Maledictions

   Spells                             Type                      Level
   *Corona                            Hexes                        1
   Sure Blade                         Hexes/Charms                 2
   *Ensorcelled Hibernation           Hexes/Ice                    2
   *Confuse                           Hexes                        3
   Enslavement                        Hexes                        4
   *Invisibility                      Hexes                        6
 f - a book of Minor Magic

   Spells                             Type                      Level
   Magic Dart                         Conjuration                  1
   Blink                              Translocation                2
   Call Imp                           Summoning                    2
   Repel Missiles                     Charms/Air                   2
   Slow                               Hexes                        2
   Conjure Flame                      Conjuration/Fire             3
   Mephitic Cloud                     Conjuration/Poison/Air       3
 o - a book of Power

   Spells                             Type                      Level
   Iskenderun's Mystic Blast          Conjuration                  4
   Venom Bolt                         Conjuration/Poison           5
   Bolt of Magma                      Conjuration/Fire/Earth       5
   Fulminant Prism                    Conjuration/Hexes            5
   Iron Shot                          Conjuration/Earth            6
   Orb of Destruction                 Conjuration                  7
 y - a Necronomicon {highlevel}

   This book is beyond your current level of understanding.

   Spells                             Type                      Level
   Borgnjor's Revivification          Necromancy                   7
   Haunt                              Necromancy/Summoning         7
   Death's Door                       Charms/Necromancy            8
   Necromutation                      Transmutation/Necromancy     8
 N - a book of Wizardry

   Spells                             Type                      Level
   Summon Elemental                   Summoning                    4
   Agony                              Necromancy                   5
   Force Lance                        Conjuration                  5
   Fireball                           Conjuration/Fire             5
   Haste                              Charms                       6
   *Invisibility                      Hexes                        6
Miscellaneous
 T - a lantern of shadows


   Skills:
 - Level 2.8(4.7) Short Blades
 - Level 0.7 Throwing
 * Level 5.5 Dodging
 + Level 13.2 Stealth
 + Level 2.2 Spellcasting
 - Level 12.1 Hexes
 + Level 2.0 Ice Magic


You couldn't memorise any spells.
You knew the following spells:

 Your Spells              Type           Power        Failure   Level  Hunger
a - Corona                Hex            #####..      1%          1    #......
b - Ensorcelled Hibernat  Hex/Ice        ####..       1%          2    ##.....
c - Confuse               Hex            #####...     1%          3    ###....
d - Invisibility          Hex            #####...     21%         6    #######


Dungeon Overview and Level Annotations

Branches:
Dungeon (9/27)             Temple (0/1) D:5             Orc (0/4) D:6
   Lair (0/8) D:8

Altars:
Ashenzari
Cheibriados
Kikubaaqudgha
Trog
Yredelemnul

Shops:
D:6: (

Annotations
D:9 Psyche


Innate Abilities, Weirdness & Mutations

Your natural rate of healing is unusually fast.
You can bottle blood from corpses.
You have razor-sharp teeth.*
You have supernaturally acute eyesight.
You can survive without breathing.*


Message History

Psyche is lightly wounded.
Psyche hits you but does no damage.
You suddenly lose the ability to move!
Psyche hits you with a dagger of chaos! Psyche hits you but does no damage.
Psyche hits you with a dagger of chaos.
* * * LOW HITPOINT WARNING * * *
Psyche completely misses you. Psyche hits you with a dagger of chaos.
* * * LOW HITPOINT WARNING * * *
Psyche burns you.
* * * LOW HITPOINT WARNING * * *
Psyche gestures at you while chanting. The magic dart hits you!
* * * LOW HITPOINT WARNING * * *
Psyche hits you but does no damage.
Psyche points at you and mumbles some strange words.
The magic dart hits you!
* * * LOW HITPOINT WARNING * * *
Psyche hits you but does no damage.
Psyche points at you and mumbles some strange words.
The puff of flame misses you. Psyche hits you with a dagger of chaos!
You die...

* . , , , .# *
##.#####.## ,
..........* ,
#.........
#.......#, , , #
#.......+ , #.#
#....?..#, * #.#
#.....@@#,* ,* #.#
#.......#,
#####.###.......# *
.................#,
*####.......##.# *
, , #.......# .#, *
* * #.......# .# ,
, * #....)).# .# ,
####.......##.#


You could see Psyche.

Vanquished Creatures
  Erolcha (D:9)
  Grinder (D:5)
  An ice beast (D:7)
  2 ogres
  An orc warrior (D:7)
  A crocodile (D:8)
  A phantom (D:6)
  5 centaurs
  2 water moccasins
  Blork the orc (D:6)
  2 giant frogs
  An orc priest (D:3)
  A giant frog zombie (D:8)
  4 hounds
  A quasit (D:4)
  4 crimson imps
  A giant frog skeleton (D:4)
  5 orc wizards
  2 iguanas (D:5)
  2 scorpions
  4 worker ants
  A hound zombie (D:6)
  3 jellies
  2 hound skeletons
  3 gnolls (D:5)
  8 adders
  3 giant mites
  4 worms
  3 giant eyeballs
  6 giant geckos
  19 orcs
  A bat skeleton (D:4)
  A bat zombie (D:5)
  2 giant cockroaches
  18 goblins
  9 hobgoblins
  14 kobolds
  7 quokkas
  3 ball pythons
  10 bats
  2 giant gecko skeletons
  5 giant newts
  7 jackals
  An orc skeleton (D:7)
  15 rats
  A rat zombie (D:6)
191 creatures vanquished.

Vanquished Creatures (others)
  A gnoll (D:5)
  An ooze (D:5)
  2 giant cockroaches (D:2)
  A plant (D:2)
5 creatures vanquished.

Grand Total: 196 creatures vanquished

Notes
Turn   | Place    | Note
--------------------------------------------------------------
     0 | D:1      | Rycklaryybbe, the Vampire Enchanter, began the quest for the Orb.
     0 | D:1      | Reached XP level 1. HP: 13/13 MP: 4/4
   235 | D:1      | Reached XP level 2. HP: 13/19 MP: 5/5
   507 | D:1      | Reached skill level 5 in Stealth
   782 | D:2      | Reached XP level 3. HP: 24/24 MP: 6/6
   918 | D:2      | Reached skill level 6 in Stealth
  1052 | D:2      | Found a shattered altar of Ashenzari.
  1057 | D:2      | Saw a vision of the Swamp and the Snake Pit.
  1057 | D:2      | Noticed a naga warrior
  1057 | D:2      | Noticed a black mamba
  1057 | D:2      | Noticed a naga
  1057 | D:2      | Noticed an anaconda
  1057 | D:2      | Noticed an anaconda
  1057 | D:2      | Noticed an alligator
  1057 | D:2      | Noticed a water moccasin
  1057 | D:2      | Noticed a water moccasin
  1057 | D:2      | Noticed a giant frog
  1061 | D:2      | Became a worshipper of Ashenzari the Shackled
  1351 | D:3      | Found a snail-covered altar of Cheibriados.
  1385 | D:3      | Reached skill level 7 in Stealth
  1385 | D:3      | Reached XP level 4. HP: 26/30 MP: 8/8
  1395 | D:3      | Learned a level 2 spell: Ensorcelled Hibernation
  2003 | D:3      | Found a basalt altar of Yredelemnul.
  2125 | D:3      | Found an ancient bone altar of Kikubaaqudgha.
  2132 | D:3      | Reached skill level 8 in Stealth
  2263 | D:3      | Reached XP level 5. HP: 35/35 MP: 9/9
  2311 | D:3      | Found a bloodstained altar of Trog.
  2640 | D:3      | Reached skill level 9 in Stealth
  3174 | D:4      | Reached XP level 6. HP: 41/41 MP: 10/10
  3207 | D:4      | Learned a level 3 spell: Confuse
  3353 | D:4      | Reached skill level 5 in Hexes
  3662 | D:5      | Entered Level 5 of the Dungeon
  3687 | D:5      | Reached skill level 10 in Stealth
  3984 | D:5      | Reached XP level 7. HP: 46/46 MP: 11/11
  4034 | D:5      | Noticed Grinder
  4049 | D:5      | Paralysed by Grinder for 3 turns
  4055 | D:5      | Killed Grinder
  4059 | D:5      | HP: 1/46 [adder (2)]
  4067 | D:5      | HP: 1/46 [poisoned by an adder]
  4477 | D:5      | Found a staircase to the Ecumenical Temple.
  4536 | D:5      | Reached skill level 11 in Stealth
  4843 | D:5      | Reached XP level 8. HP: 52/52 MP: 13/13
  4917 | D:6      | Found Cuamuet's Antique Weapon Emporium.
  5024 | D:6      | Found a staircase to the Orcish Mines.
  5124 | D:6      | Noticed Blork the orc
  5166 | D:6      | Killed Blork the orc
  5166 | D:6      | Reached skill level 10 in Hexes
  5275 | D:6      | Reached skill level 12 in Stealth
  5811 | D:7      | Acquired Ashenzari's first power
  6211 | D:7      | Reached XP level 9. HP: 33/57 MP: 4/14
  6877 | D:8      | Found a staircase to the Lair.
  7110 | D:9      | Noticed Erolcha
  7115 | D:9      | Killed Erolcha
  7115 | D:9      | Reached skill level 5 in Dodging
  7115 | D:9      | Reached skill level 13 in Stealth
  7115 | D:9      | Reached skill level 1 in Ice Magic
  7123 | D:9      | Learned a level 6 spell: Invisibility
  7470 | D:9      | Noticed Psyche
  7485 | D:9      | Paralysed by Psyche for 5 turns
  7489 | D:9      | HP: 2/57 [Psyche/magic dart (5)]
  7490 | D:9      | Mangled by Psyche

Action                   |  1- 3 |  4- 6 |  7- 9 || total
-------------------------+-------+-------+-------++-------
Melee: Dagger            |    27 |       |       ||    27
       Short sword       |    88 |   156 |   235 ||   479
Throw: Dart              |       |       |     2 ||     2
 Cast: Ensorcelled Hiber |       |     2 |     9 ||    11
       Confuse           |       |       |    23 ||    23
       Corona            |       |       |     3 ||     3
Evoke: Wand              |       |       |    10 ||    10
  Use: Potion            |       |    10 |       ||    10
       Scroll            |       |     3 |     5 ||     8
 Stab: Sleeping          |     7 |    18 |    27 ||    52
       Distracted        |       |     1 |     2 ||     3
       Confused          |       |       |     4 ||     4
